 Dungeon Crawl Stone Soup version 0.22-a0-565-gfc6459a (webtiles) character file.

153 iamserjio the Skirmisher (level 5, -1/34 HPs)
             Began as a Gargoyle Fighter on June 28, 2018.
             Was an Initiate of Trog.
             Killed by divine providence
             ... invoked by an orc priest
              (15 damage)
             ... on level 4 of the Dungeon.
             The game lasted 00:07:39 (634 turns).

iamserjio the Skirmisher (Gargoyle Fighter)          Turns: 634, Time: 00:07:40

Health: -1/34      AC: 10    Str: 19    XL:     5   Next: 35%
Magic:  5/5        EV:  7    Int:  9    God:    Trog [......]
Gold:   19         SH:  9    Dex: 10    Spells: 4/4 levels left

rFire    . . .     SeeInvis .   a - +0 flail
rCold    . . .     Gourm    .   c - +0 shield
rNeg     + . .     Faith    .   b - +0 scale mail
rPois    ∞         Spirit   .   (no helmet)
rElec    +         Reflect  .   (no cloak)
rCorr    .         Harm     .   (no gloves)
MR       +....                  (no boots)
Stlth    ..........             (no amulet)
HPRegen  0.11/turn              g - ring of protection from magic
MPRegen  0.09/turn              (no ring)

@: no status effects
A: negative energy resistance 1, electricity resistance, unbreathing,
petrification resistance, rot immunity, AC +4
a: Renounce Religion


You were on level 4 of the Dungeon.
You worshipped Trog.
Trog was noncommittal.
You were not hungry.

You visited 2 branches of the dungeon, and saw 5 of its levels.

You collected 19 gold pieces.

Inventory:

Hand Weapons
 a - a +0 flail (weapon)
Armour
 b - a +0 scale mail (worn)
 c - a +0 shield (worn)
 l - a +3 leather armour of cold resistance
Jewellery
 g - a ring of protection from magic (left hand)
Wands
 j - a wand of iceblast (8)
Scrolls
 e - 2 scrolls of remove curse {unknown}
 h - 4 scrolls of teleportation {unknown}
Potions
 i - 2 potions of brilliance {unknown}
 k - a potion of degeneration {unknown}
 m - a potion of haste {unknown}
Comestibles
 f - 3 rations


   Skills:
 + Level 4.5 Fighting
 * Level 4.5 Maces & Flails
 - Level 3.2 Armour
 - Level 3.2 Shields


You had 4 spell levels left.
You didn't know any spells.
Your spell library was empty.

Dungeon Overview and Level Annotations

Branches:
Dungeon (4/15)             Temple (1/1) D:4

Altars:
Ashenzari
Cheibriados
Dithmenos
Fedhas
Hepliaklqana
Makhleb
Trog
Uskayaw
Vehumet
Xom
Yredelemnul

Annotations:
D:4 Edmund


Innate Abilities, Weirdness & Mutations

You are resistant to torment.
Your stone body is resilient. (AC +4)
You are immune to poison.
You resist negative energy. (rN+)
You are resistant to electric shocks. (rElec)
You can survive without breathing.
You are immune to petrification.
You are immune to rotting.


Message History

You sock Edmund!
Edmund is heavily wounded.
An orc priest comes into view.
Edmund hits you but does no damage.
You hit Edmund.
Edmund is severely wounded.
The orc priest looks satisfied for a moment.
Edmund hits you with a flail of protection.
An orc priest comes into view.
You sock Edmund!
Edmund is severely wounded.
Edmund barely misses you.
You hit Edmund.
Edmund is almost dead.
Edmund hits you but does no damage.
You hit Edmund.
Edmund is almost dead.
The orc priest invokes the aid of Beogh against you.
Beogh smites you!
You die...

##...# #.....#
#.._..######
#.....##...#
#.....###.##
#.......<.#
#..⌠...##.#
##......##.#
##.....####@#
#.....## #@#
#..>[.#
#†o....[..
#.....#
.oo....####
##...###.......#
######..##.##.#
.... ... .# ###.
#.. # #. ...


You could see Edmund, 2 orc priests and an orc.

Vanquished Creatures
  A scorpion (D:4)
  Ijyb (D:3)
  Natasha (D:4)
  3 adders
  2 worms (D:3)
  A dart slug (D:1)
  A bat (D:1)
  5 goblins (D:1)
  3 frilled lizards
  5 kobolds
  4 rats (D:1)
27 creatures vanquished.

Notes
Turn   | Place    | Note
-------+----------+-------------------------------------------
     0 | D:1      | iamserjio the Gargoyle Fighter began the quest for the Orb.
     0 | D:1      | Reached XP level 1. HP: 14/14 MP: 1/1
     4 | D:1      | Noticed a black mamba
    18 | D:1      | Noticed a death yak
    27 | D:1      | Reached XP level 2. HP: 16/19 MP: 2/2
   349 | D:3      | Noticed Ijyb
   361 | D:3      | Killed Ijyb
   361 | D:3      | Reached XP level 3. HP: 22/24 MP: 3/3
   405 | D:3      | Reached XP level 4. HP: 28/29 MP: 4/4
   456 | D:4      | Found a staircase to the Ecumenical Temple.
   458 | D:4      | Found a faded altar of an unknown god.
   458 | D:4      | Noticed Natasha
   470 | D:4      | Killed Natasha
   472 | D:4      | Reached XP level 5. HP: 7/34 MP: 5/5
   478 | Temple   | Entered the Ecumenical Temple
   571 | Temple   | Became a worshipper of Trog the Wrathful
   611 | D:4      | Noticed Edmund
   634 | D:4      | Killed from afar by an orc priest

Vault maps used:
D:1:      sevenhm_arrival_forest_fort_small_2, corexii_leaking_fountain
D:2:      grunt_ministairs_1
D:3:      nicolae_gozag_zags_fifth_avenue, lemuel_doored_altar, uniq_grinder,
          uniq_ijyb
D:4:      old_standard_altar, nicolae_temple_entry_ecumenical, serial_shops,
          shop, first_ration, lemuel_statue_altar, uniq_natasha, uniq_edmund
Temple:   oiseaux_autumnal_temple

Skill      XL: |  1  2  3  4 |
---------------+-------------+-----
Maces & Flails | 3 4 |  4.5
Fighting       | 4 |  4.5
Armour         | |  3.2
Shields        | |  3.2

Action                   |  1- 3 |  4- 6 || total
-------------------------+-------+-------++-------
Melee: Flail             |    99 |    41 ||   140
Evoke: Wand              |       |     1 ||     1
  Use: Potion            |       |     1 ||     1
Armor: Scale mail        |    55 |    27 ||    82
Dodge: Dodged            |    29 |     7 ||    36
Block: Shield            |    47 |    14 ||    61

Table legend:
 A = Spawn XP
 B = Non-spawn XP
 C = Spawn XP percentage of total XP
 D = Spawn monster count
 E = Non-spawn monster count
 F = Spawn count percentage of total count
 G = Total turns spent on level
                    A         B        C        D         E        F      G
               +---------+---------+-------+---------+---------+-------+---------
         Total |       0 |     219 |   0.0 |       0 |      27 |   0.0 |   634
               +---------+---------+-------+---------+---------+-------+---------
           D:1 |       0 |      25 |   0.0 |       0 |      16 |   0.0 |   183
           D:2 |       0 |       1 |   0.0 |       0 |       1 |   0.0 |    90
           D:3 |       0 |      75 |   0.0 |       0 |       7 |   0.0 |   183
           D:4 |       0 |     118 |   0.0 |       0 |       3 |   0.0 |    56
               +---------+---------+-------+---------+---------+-------+---------
